 Dungeon Crawl Stone Soup version 0.29-a0-834-g1e95ca9f62 (webtiles) character file.

Game seed: 11171351637540455117

32573 buhh the Epochal (level 13, 0/110 HPs)
             Began as an Octopode Transmuter on July 13, 2022.
             Was an Elder of Cheibriados.
             Slain by a salamander
             ... wielding a +4 glaive
              (5 damage)
             ... on level 1 of the Snake Pit.
             The game lasted 00:38:09 (6086 turns).

buhh the Epochal (Octopode Transmuter)              Turns: 6086, Time: 00:38:10

Health: 0/110      AC: 11    Str: 20    XL:     13   Next: 65%
Magic:  27/30      EV: 19    Int: 29    God:    Cheibriados [****..]
Gold:   769        SH:  5    Dex: 35    Spells: 1/16 levels left

rFire   x . .      SeeInvis +     - Unarmed
rCold   + + +      Faith    .   (shield currently unavailable)
rNeg    . . .      Spirit   .   (helmet currently unavailable)
rPois   +          Reflect  +   B - amulet of reflection
rElec   .          Harm     .   o - ring of magical power
rCorr   +          Rampage  .   m - ring of poison resistance
Will    .....                   t - ring of see invisible
Stlth   +++.......              A - +6 ring of dexterity
HPRegen 0.28/turn               w - ring of resist corrosion
MPRegen 0.22/turn               e - +6 ring of dexterity
                                C - ring of wizardry
                                (no ring)

@: ice-form, very slow
A: freezing attack, boosted hp, almost no armour, amphibious, 8 rings, large,
(camouflage 1), (gelatinous body 1), (nimble swimmer 1), (tentacles)
a: End Transformation, Renounce Religion, Bend Time, Temporal Distortion, Slouch


You were on level 1 of the Snake Pit.
You worshipped Cheibriados.
Cheibriados was greatly pleased with you.
You were a creature of crystalline ice.
You visited 4 branches of the dungeon, and saw 17 of its levels.
You also visited: Bailey.

You collected 769 gold pieces.

Inventory:

Missiles
 z - 4 poisoned darts
 G - 3 curare-tipped darts
Armour
 b - a +0 hat
Jewellery
 e - a +6 ring of dexterity (on tentacle)
 m - a ring of poison resistance (right front paw)
 o - a ring of magical power (left front paw)
 t - a ring of see invisible (on tentacle)
 w - a ring of resist corrosion (on tentacle)
 A - a +6 ring of dexterity (on tentacle)
 B - an amulet of reflection (around neck)
 C - a ring of wizardry (on tentacle)
Wands
 u - a wand of polymorph (12)
 E - a wand of flame (8)
 F - a wand of charming (24)
 H - a wand of quicksilver (9)
Scrolls
 a - a scroll of identify {!d}
 c - 7 scrolls of teleportation {!d!d}
 d - a scroll of magic mapping {!d}
 f - 3 scrolls of fog
 g - a scroll of amnesia
 h - 3 scrolls of enchant armour
 i - 4 scrolls of vulnerability
 j - 3 scrolls of enchant weapon
 l - 4 scrolls of immolation {!r}
 x - a scroll of noise {unknown}
 D - a scroll of silence {unknown}
 I - 2 scrolls of fear {!d}
Potions
 k - 3 potions of degeneration
 n - a potion of lignification {!d}
 q - 2 potions of mutation {unknown}
 r - 4 potions of might {unknown}
 s - a potion of heal wounds {unknown}
 v - 2 potions of curing {!d}
 y - 6 potions of haste {!q}
Miscellaneous
 p - a condenser vane (inert)


   Skills:
 - Level 10.0 Fighting
 - Level 8.0 Dodging
 - Level 3.0 Stealth
 - Level 10.0 Unarmed Combat
 - Level 2.0 Spellcasting
 - Level 11.7 Transmutations
 - Level 6.0 Ice Magic
 - Level 2.0 Poison Magic
 * Level 11.9 Invocations


You had one spell level left.
You knew the following spells:

 Your Spells              Type           Power      Damage    Failure   Level
a - Ozocubu's Armour      Ice            37%        N/A       1%          3
b - Wereblood             Tmut           63%        N/A       1%          2
c - Spider Form           Tmut/Pois      42%        N/A       1%          3
d - Ice Form              Ice/Tmut       53%        N/A       1%          4
e - Frozen Ramparts       Ice            74%        1d9       1%          3

Your spell library contained the following spells:

 Spells                   Type           Power      Damage    Failure   Level
 Beastly Appendage        Tmut           100%       N/A       1%          1
 Freeze                   Ice            100%       1d11      1%          1
 Apportation              Tloc           4%         N/A       3%          1
 Magic Dart               Conj           8%         1d3       3%          1
 Poisonous Vapours        Pois/Air       16%        N/A       3%          2
 Call Imp                 Summ           2%         N/A       5%          2
 Searing Ray              Conj           4%         2d4       5%          2
 Alistair's Intoxication  Tmut/Pois      28%        N/A       6%          5
 Mephitic Cloud           Conj/Pois/Air  6%         N/A       9%          3
 Hailstorm                Conj/Ice       20%        3d6       10%         4
 Olgreb's Toxic Radiance  Pois           14%        N/A       16%         4
 Corpse Rot               Necr/Pois/Air  6%         N/A       26%         4
 Fulminant Prism          Conj/Hex       1%         3d6       32%         4
 Ozocubu's Refrigeration  Ice            18%        4d8       91%         7
 Ignition                 Fire           1%         3d3       100%        8


Dungeon Overview and Level Annotations

Branches:
Dungeon (11/15) Zot: 40408  Temple (1/1) D:4 Zot: 8919    Lair (4/6) D:11 Zot: 33970
  Swamp (0/4) Lair:2        Snake (1/4) Lair:4 Zot: 8982  Bailey (visited)
    Orc: D:9-12

Altars:
Ashenzari
Cheibriados
Dithmenos
Elyvilon
Fedhas
Gozag
Hepliaklqana
Kikubaaqudgha
Makhleb
Nemelex Xobeh
Okawaru
Qazlal
Ru
Sif Muna
Trog
Uskayaw
Vehumet
Wu Jian
Xom
Yredelemnul
Zin
The Shining One

Shops:
D:8 (

Portals:
Abyss: D:7

Annotations:
D:7 2 transporters, gdog's ghost, novice GnDe
D:9 Harold


Innate Abilities, Weirdness & Mutations

You are a creature of crystalline ice.
You have a powerful freezing melee attack.
Your maximum health is increased.
Your armour is entirely melded.
You are incapable of wielding weapons or throwing items.
You cannot wear most types of armour.
You are amphibious.
You can wear up to eight rings at the same time.
((Your skin changes colour to match your surroundings (Stealth+).))
((Your rubbery body absorbs attacks. (AC +1, EV +1)))
((You are camouflaged when in or above water. (Stealth+)))
((You have tentacles for arms and can constrict up to eight enemies at once.))


Message History

You punch the naga warrior! You freeze the naga warrior.
The naga warrior is heavily wounded.
The naga warrior is engulfed in blazing flames.
The wall freezes the naga warrior.
The naga warrior completely misses you. The naga warrior constricts you.
The salamander is frozen!
The wall freezes the salamander!
The salamander hits you from afar with a +4 glaive!!
You are engulfed in flames!
The fire burns you terribly!
The black mamba hisses angrily.
The heat melts your icy armour.
As you read the scroll of fear {!d}, it crumbles to dust.
You assume a fearsome visage.
The salamander resists with almost no effort.
The black mamba looks frightened!
The naga warrior looks frightened!
The naga warrior is engulfed in blazing flames.
The wall freezes the naga warrior.
Your attack snaps the naga warrior out of its fear.
The naga warrior loses its grip on you.
The salamander is frozen!
The wall freezes the salamander.
The salamander hits you from afar with a +4 glaive!!
* * * LOW HITPOINT WARNING * * *
You are engulfed in flames!
The fire burns you terribly!
* * * LOW HITPOINT WARNING * * *
The heat melts your icy armour.
Okay, then.
Your icy armour and frozen ramparts will break if you move.
Continue?
Your icy armour cracks and falls away as you move.
The frozen ramparts melt away as you move.
A naga mage comes into view. It is wielding a +0 club.
The naga mage shouts!
The naga warrior is engulfed in blazing flames.
A mana viper comes into view.
The salamander misses you.
The naga warrior is engulfed in blazing flames.
You kill the naga warrior!
Cheibriados appreciates the change of pace.
The salamander completely misses you.
There is a staircase back to the Lair here.
The salamander hits you from afar with a +4 glaive.
You die...

.. # ... # .## .
....#. #####..#..
#...§##.........
...§§☼.......)
###.#§#N☼........
.....§§.§Y..#
.....§○§....#
.............#
.............#
.....#.###...#
.#####. ...# #.
..N# .. .... .
...S


You could see a salamander (strong) and a naga mage.

Vanquished Creatures
  Snorg (Lair:4)
  A naga warrior (Snake:1)
  5 death yaks (Lair:2)
  A deep elf zephyrmancer (D:9)
  A deep elf pyromancer (D:9)
  3 elephants (Lair:4)
  4 black mambas
  A rust devil (D:9)
  5 cane toads
  An orange demon (D:10)
  5 komodo dragons
  A rime drake (Lair:2)
  7 blink frogs (Lair:2)
  6 dream sheep (Lair:4)
  18 yaks
  2 basilisks (Lair:1)
  Eustachio (D:5)
  A steam dragon (D:6)
  Edmund (D:5)
  A naga (Lair:4)
  An acid dragon (D:9)
  3 wargs (D:11)
  9 water moccasins
  Duvessa (D:6)
  A swamp drake (D:9)
  3 black bears
  4 orc warriors
  A sky beast (D:7)
  A centaur (D:5)
  A phantom (D:6)
  A kobold brigand (D:6)
  A necrophage (D:5)
  5 bullfrogs
  2 scorpions
  4 wights (D:8)
  Dowan (D:6)
  17 killer bees
  7 electric eels (Lair:2)
  A crimson imp (D:9)
  7 orc priests
  An iron imp (D:9)
  3 iguanas
  9 orc wizards
  Robin (D:2)
  9 adders
  A gnoll (D:7)
  2 shadow imps
  4 white imps
  An ufetubus (D:7)
  3 dart slugs
  32 orcs
  5 endoplasms
  3 giant cockroaches
  21 goblins
  10 hobgoblins
  8 jackals (D:3)
  18 kobolds
  7 quokkas
  3 ball pythons
  7 bats
  3 frilled lizards
  5 rats
293 creatures vanquished.

Vanquished Creatures (others)
  An orc wizard (D:4)
  11 fungi
  7 plants
19 creatures vanquished.

Grand Total: 312 creatures vanquished

Notes
Turn   | Place    | Note
-------+----------+-------------------------------------------
     0 | D:1      | buhh the Octopode Transmuter began the quest for the Orb.
     0 | D:1      | Reached XP level 1. HP: 13/13 MP: 3/3
   132 | D:1      | Reached skill level 1 in Stealth
   132 | D:1      | Reached skill level 1 in Poison Magic
   132 | D:1      | Reached XP level 2. HP: 7/18 MP: 3/5
   194 | D:1      | Found a faded altar of an unknown god.
   522 | D:2      | Reached XP level 3. HP: 10/23 MP: 6/6
   751 | D:2      | Noticed Robin
   764 | D:2      | Learned a level 2 spell: Wereblood
   881 | D:2      | Killed Robin
   882 | D:2      | Reached XP level 4. HP: 8/29 MP: 7/7
  1076 | D:3      | Identified the +1 helmet of the Accordion {Str+3}
  1097 | D:3      | Found a glowing golden altar of the Shining One.
  1104 | D:3      | Found an opulent altar of Gozag.
  1404 | D:3      | Learned a level 3 spell: Spider Form
  1517 | D:4      | Found a staircase to the Ecumenical Temple.
  1527 | Temple   | Entered the Ecumenical Temple
  1567 | Temple   | Became a worshipper of Cheibriados the Contemplative
  1607 | D:4      | Noticed a scorpion
  1653 | D:4      | Noticed a black bear
  1665 | D:4      | Killed a black bear
  1666 | D:4      | Reached XP level 5. HP: 16/35 MP: 8/8
  1682 | D:4      | Reached XP level 6. HP: 15/41 MP: 9/9
  1713 | D:5      | Entered Level 5 of the Dungeon
  1719 | D:5      | Noticed a black bear
  1837 | D:5      | Noticed Edmund
  1901 | D:5      | Found a shadowy altar of Dithmenos.
  1905 | D:5      | Noticed a water moccasin
  1915 | D:5      | Killed a water moccasin
  1916 | D:5      | Reached XP level 7. HP: 43/46 MP: 10/10
  1929 | D:5      | Reached * piety under Cheibriados
  1974 | D:5      | Reached skill level 5 in Unarmed Combat
  2063 | D:5      | Found a blossoming altar of Fedhas.
  2126 | D:5      | Reached skill level 5 in Dodging
  2277 | D:5      | Reached XP level 8. HP: 52/54 MP: 11/11
  2300 | D:5      | Killed Edmund
  2351 | D:5      | Reached skill level 5 in Fighting
  2372 | D:5      | Reached skill level 1 in Ice Magic
  2795 | D:6      | Reached ** piety under Cheibriados
  2842 | D:6      | Noticed Duvessa
  2842 | D:6      | Noticed Dowan
  2849 | D:6      | Killed Dowan
  2854 | D:6      | Killed Duvessa
  2861 | D:6      | Reached XP level 9. HP: 52/61 MP: 12/12
  2904 | D:5      | Noticed Eustachio
  2917 | D:5      | Killed Eustachio
  3201 | D:7      | Found a transporter.
  3214 | D:7      | Noticed a green ugly thing
  3215 | D:7      | Noticed a toenail golem
  3256 | D:7      | Reached *** piety under Cheibriados
  3508 | D:7      | Found a transporter.
  3550 | D:7      | Learned a level 3 spell: Ozocubu's Armour
  3556 | D:7      | Learned a level 4 spell: Ice Form
  3594 | D:7      | Found a one-way gate to the infinite horrors of the Abyss.
  3594 | D:7      | Noticed gdog's ghost (novice GnDe)
  3822 | D:8      | Reached skill level 5 in Transmutations
  3857 | D:8      | Identified the ring of Zuukh {MP+9 Str+4}
  3940 | D:8      | Found Pootik's Antique Weapon Boutique.
  3998 | D:9      | Reached skill level 5 in Ice Magic
  4064 | D:9      | Noticed Harold
  4085 | D:9      | Reached XP level 10. HP: 64/68 MP: 13/13
  4108 | D:9      | Found a flagged portal.
  4114 | Bailey   | Entered a bailey
  4140 | Bailey   | Reached **** piety under Cheibriados
  4144 | Bailey   | Noticed an orc warlord
  4183 | Bailey   | Found a runed translucent gate.
  4195 | Bailey   | Found a runed translucent gate.
  4197 | Bailey   | Found a runed translucent gate.
  4221 | Bailey   | Reached XP level 11. HP: 74/74 MP: 14/14
  4297 | D:9      | Reached XP level 12. HP: 85/85 MP: 15/15
  4404 | D:9      | Reached skill level 1 in Invocations
  4534 | D:9      | Found a radiant altar of Vehumet.
  4548 | D:9      | Found a stormy altar of Qazlal.
  4551 | D:9      | Found a glowing silver altar of Zin.
  4554 | D:9      | Found a shimmering altar of Xom.
  4560 | D:9      | Reached ***** piety under Cheibriados
  4583 | D:9      | Learned a level 3 spell: Frozen Ramparts
  4692 | D:10     | Entered Level 10 of the Dungeon
  4796 | D:11     | Found a staircase to the Lair.
  4846 | Lair:1   | Entered Level 1 of the Lair of Beasts
  5172 | Lair:1   | Reached skill level 10 in Unarmed Combat
  5172 | Lair:1   | Reached skill level 5 in Invocations
  5238 | Lair:2   | Reached skill level 10 in Fighting
  5319 | Lair:2   | Found a staircase to the Swamp.
  5378 | Lair:2   | Noticed a death yak
  5378 | Lair:2   | Noticed a death yak
  5379 | Lair:2   | Noticed a death yak
  5379 | Lair:2   | Noticed a death yak
  5389 | Lair:2   | Killed a death yak
  5390 | Lair:2   | Reached XP level 13. HP: 57/92 MP: 14/18
  5858 | Lair:4   | Reached skill level 10 in Invocations
  5922 | Lair:4   | Noticed Snorg
  5939 | Lair:4   | Killed Snorg
  5972 | Lair:4   | Found a sparkling altar of Nemelex Xobeh.
  6049 | Lair:4   | Found a staircase to the Snake Pit.
  6072 | Snake:1  | Entered Level 1 of the Snake Pit
  6083 | Snake:1  | HP: 4/110 [salamander/+4 glaive (16)]
  6086 | Snake:1  | Slain by a salamander

Illustrated notes

Levels and vault maps discovered:
D:1:      lemuel_arrival_room, layout_basic, ebering_ecumenical_altar_webs
D:2:      layout_loops_ring, uniq_robin
D:3:      layout_loops_ring, mainiacjoe_overflow_big_doors
D:4:      layout_cave_pools, temple_fountains, patterned_corridor
D:5:      layout_rooms, nicolae_dithmenos_the_darkroom,
          mainiacjoe_overflow_alcove_4, uniq_eustachio, uniq_edmund
D:6:      wad_pebble_path, layout_cave_pools, uniq_duvessa
D:7:      layout_basic, gammafunk_ghost_abyssal_escape,
          kennysheep_generic_room_16
D:8:      layout_basic, serial_shops, nicolae_shop_competitors_out_of_business
D:9:      layout_basic, grunt_temple_overflow_cloverleaf, enter_bailey_3,
          hangedman_minor_magic, uniq_harold
D:10:     layout_roguey, serial_demonic, serial_demonic_e, serial_demonic_f,
          serial_demonic_g, serial_demonic_e, serial_shops,
          nicolae_shop_behind_doors, kennysheep_just_a_vault, uniq_maggie
D:11:     layout_big_octagon, erik_lair_orcish_takeover, serial_shops, shop,
          uniq_lodul, uniq_sonja
Temple:   eino_temple_water
Lair:1:   layout_roguey
Lair:2:   layout_roguey, minmay_swamp_entry_eels
Lair:3:   layout_cave_pods
Lair:4:   layout_gridlike, guppyfry_snake_entry_island, basic_altar,
          gammafunk_ghost_hive, st_stairs_12, columned_hall_lemuel, uniq_snorg
Snake:1:  layout_basic, basic_altar, amcnicky_altar_lugonu_corruption

Skill      XL: |  1  2  3  4  5  6  7  8  9 10 11 12 13 |
---------------+----------------------------------------+-----
Stealth        | 1 2 3 |  3.0
Poison Magic   | 1 2 |  2.0
Fighting       | 2 3 4 5 6 9 10 | 10.0
Dodging        | 3 4 5 6 7 8 |  8.0
Unarmed Combat | 4 5 6 7 9 10 | 10.0
Ice Magic      | 2 5 6 |  6.0
Transmutations | 3 5 11 | 11.7
Invocations    | 7 11 | 11.9
Spellcasting   | |  2.0

Action                   |  1- 3 |  4- 6 |  7- 9 | 10-12 | 13-15 || total
-------------------------+-------+-------+-------+-------+-------++-------
Melee: Unarmed           |    74 |   120 |   212 |   155 |    84 ||   645
       Constrict         |    24 |    16 |     9 |       |       ||    49
       Punch             |     3 |     5 |     1 |       |       ||     9
       Kick              |    18 |    16 |     1 |       |       ||    35
       Tentacles         |    13 |    12 |     6 |       |       ||    31
 Cast: Beastly Appendage |    14 |     8 |     1 |       |       ||    23
       Wereblood         |     1 |     4 |     4 |    10 |     1 ||    20
       Spider Form       |       |    11 |    24 |       |       ||    35
       Ice Form          |       |       |     8 |    19 |    10 ||    37
       Ozocubu's Armour  |       |       |     3 |     5 |     5 ||    13
       Frozen Ramparts   |       |       |       |     5 |     7 ||    12
Invok: Slouch            |       |       |       |     1 |     3 ||     4
Evoke: Wand              |       |       |     2 |     9 |     1 ||    12
       Condenser vane    |       |       |       |       |     1 ||     1
  Use: Scroll            |     4 |     7 |    13 |     2 |     1 ||    27
       Potion            |       |     1 |     6 |     3 |       ||    10
 Stab: Sleeping          |     6 |     3 |     6 |     6 |     5 ||    26
       Distracted        |       |       |       |     1 |       ||     1
Armor: Skin              |     7 |    13 |    39 |    47 |    15 ||   121
Dodge: Dodged            |    49 |   110 |   200 |   135 |    63 ||   557
Block: Other             |       |       |       |       |     9 ||     9

Table legend: (Time is in decaauts)
 A = Elapsed time spent in this place.
 B = Non-inter-level travel time spent in this place.
 C = Inter-level travel time spent in this place.
 D = Time resting spent in this place.
 E = Time spent auto-exploring this place.
 F = Levels seen in this place.
 G = Mean time per level.
                   A        B        C        D        E       F      G
               +--------+--------+--------+--------+--------+-----+--------+
         Total |   8067 |   7998 |     69 |     53 |    238 |  18 |  448.2 |
       Dungeon |   5699 |   5630 |     69 |     53 |    238 |  11 |  518.1 |
        Temple |     61 |     61 |      0 |      0 |      0 |   1 |   61.0 |
          Lair |   2026 |   2026 |      0 |      0 |      0 |   4 |  506.5 |
     Snake Pit |     16 |     16 |      0 |      0 |      0 |   1 |   16.0 |
        Bailey |    263 |    263 |      0 |      0 |      0 |   1 |  263.0 |
               +--------+--------+--------+--------+--------+-----+--------+

Top non-repeatable levels by time:
     D:9: 960 daAuts
  Lair:2: 852 daAuts
     D:7: 830 daAuts
     D:5: 737 daAuts
     D:6: 648 daAuts
  Lair:1: 588 daAuts
     D:2: 503 daAuts
     D:1: 500 daAuts
     D:4: 486 daAuts
     D:8: 475 daAuts
     D:3: 439 daAuts
  Lair:4: 338 daAuts
  Bailey: 263 daAuts
  Lair:3: 246 daAuts
    D:11: 91 daAuts
